 Dungeon Crawl Stone Soup version 0.29-a0-575-g0dc89cf053 (webtiles) character file.

Game seed: 4647018164333721505

27187 xian the Destroyer (level 12, -38/89 HPs)
             Began as a Demigod Conjurer on June 13, 2022.
             Annihilated by a titanic slime creature (65 damage)
             ... on level 13 of the Dungeon.
             The game lasted 00:58:13 (17591 turns).

xian the Destroyer (Demigod Conjurer)              Turns: 17591, Time: 00:58:14

Health: -38/89     AC: 19    Str: 11    XL:     12   Next: 66%
Magic:  0/28       EV: 12    Int: 41    God:
Gold:   955        SH:  0    Dex: 17    Spells: 14/28 levels left

rFire   . . .      SeeInvis +   b - +2 trident (venom)
rCold   . . .      Faith    .   P - orb {light}
rNeg    + . .      Spirit   +   p - +5 ring mail "Jauwu" {rN+ Will+ Str+3}
rPois   +          Reflect  .   J - +0 hat "Masmav" {+Inv}
rElec   .          Harm     .   I - +1 cloak of Zof Laev {Int+3}
rCorr   .          Rampage  .   F - +2 pair of gloves
Will    ++...                   n - +1 pair of boots
Stlth   +.........              o - amulet of guardian spirit
HPRegen 0.24/turn               k - ring of poison resistance
MPRegen 0.21/turn               K - ring of Notedian {Int+2 Dex+5 SInv}

@: hasted, glowing, very quick
A: high MP 1, forlorn, divine attributes
a: Evoke Invisibility


You were on level 13 of the Dungeon.
You visited 3 branches of the dungeon, and saw 16 of its levels.
You also visited: Bailey.

You collected 955 gold pieces.

Inventory:

Hand Weapons
 b - a +2 trident of venom (weapon)
Missiles
 d - 10 javelins
 E - a throwing net
Armour
 n - a +1 pair of boots (worn)
 p - the +5 ring mail "Jauwu" (worn) {rN+ Will+ Str+3}
   (You found it on level 3 of the Dungeon)

   Str:       It affects your strength (+3).
   rN:        It protects you from negative energy.
   Will:      It increases your willpower.
 z - the +1 leather armour of the Six Heavens {rPois rC+ Int+4}
   (You found it on level 7 of the Dungeon)

   Int:       It affects your intelligence (+4).
   rC:        It protects you from cold.
   rPois:     It protects you from poison.
 F - a +2 pair of gloves (worn)
 I - the +1 cloak of Zof Laev (worn) {Int+3}
   (You acquired it in a bailey)

   Int:       It affects your intelligence (+3).
 J - the +0 hat "Masmav" (worn) {+Inv}
   (You acquired it in a bailey)

   +Inv:      It lets you turn invisible.
 L - the +1 robe of Satisfaction {rF+ rC+ Regen+}
   (You found it in a bailey)

   rF:        It protects you from fire.
   rC:        It protects you from cold.
   Regen:     It increases your rate of health regeneration.
 P - an orb of light (worn)
Jewellery
 k - a ring of poison resistance (left hand)
 o - an amulet of guardian spirit (around neck)
 s - a ring of willpower
 y - a ring of resist corrosion
 G - a ring of protection from cold
 K - the ring of Notedian (right hand) {Int+2 Dex+5 SInv}
   (You acquired it in a bailey)

   [ring of see invisible]

   Int:       It affects your intelligence (+2).
   Dex:       It affects your dexterity (+5).
   SInv:      It lets you see invisible.
Wands
 l - a wand of flame (82)
 r - a wand of acid (11)
 x - a wand of mindburst (14)
 A - a wand of iceblast (9)
 M - a wand of paralysis (3)
Scrolls
 h - 2 scrolls of poison
 i - 2 scrolls of teleportation
 j - 8 scrolls of identify
 t - 3 scrolls of immolation
 D - a scroll of amnesia
 H - 2 scrolls of enchant armour
 N - a scroll of magic mapping
 O - a scroll of fog
Potions
 a - 3 potions of might
 e - 4 potions of brilliance
 f - 6 potions of flight
 g - 2 potions of mutation
 q - 6 potions of curing
 v - 3 potions of cancellation
 w - 2 potions of degeneration
 C - 2 potions of lignification


   Skills:
 - Level 3.4 Fighting
 - Level 0.6 Short Blades
 - Level 2.8 Polearms
 - Level 7.2 Armour
 - Level 5.1 Dodging
 - Level 4.1 Stealth
 + Level 7.9 Shields
 - Level 8.5 Spellcasting
 - Level 12.2 Conjurations
 - Level 1.0 Hexes
 - Level 1.0 Summonings
 - Level 1.0 Necromancy
 - Level 1.0 Poison Magic


You had 14 spell levels left.
You knew the following spells:

 Your Spells              Type           Power      Damage    Failure   Level
a - Magic Dart            Conj           100%       1d8       1%          1
b - Searing Ray           Conj           100%       2d8       1%          2
c - Iskenderun's Mystic   Conj/Tloc      61%        2d13      3%          4
d - Hailstorm             Conj/Ice       61%        3d13      3%          4
e - Stone Arrow           Conj/Erth      100%       3d13      1%          3

Your spell library contained the following spells:

 Spells                   Type           Power      Damage    Failure   Level
 Conjure Flame            Conj/Fire      61%        6-21      1%          3
 Dazzling Flash           Conj/Hex       100%       N/A       1%          3
 Slow                     Hex            100%       N/A       2%          1
 Fulminant Prism          Conj/Hex       32%        3d16      2%          4
 Sticky Flame             Conj/Fire      61%        2d8       3%          4
 Freeze                   Ice            68%        1d8       4%          1
 Sandblast                Erth           34%        2d9       4%          1
 Passwall                 Tmut/Erth      14%        N/A       6%          2
 Confusing Touch          Hex            26%        N/A       8%          3
 Vampiric Draining        Necr           26%        2d7       8%          3
 Ignite Poison            Fire/Tmut/Pois 20%        N/A       11%         3
 Frozen Ramparts          Ice            34%        1d5       12%         3
 Summon Ice Beast         Ice/Summ       21%        N/A       32%         4
 Ice Form                 Ice/Tmut       17%        N/A       38%         4
 Simulacrum               Ice/Necr       10%        N/A       99%         6


Dungeon Overview and Level Annotations

Branches:
Dungeon (14/15)            Temple (1/1) D:7            Lair (0/6) D:9
    Orc (1/2) D:10         Vaults (0/5) D:14         Bailey (visited)

Shops:
D:4 [   D:5 *   D:7 (

Portals:
Trove: D:11 (show abyssal rune of Zot)

Annotations:
D:5 2 runed translucent doors, DocClef's ghost, weakling GnDe
D:11 Treasure trove Zot
D:13 Snorg
D:14 Nessos; Rupert; Urug


Innate Abilities, Weirdness & Mutations

You have an increased reservoir of magic. (+10% MP)
You shall have no god before yourself.
Your divine heritage dramatically boosts your attributes as you level up.


Message History

Aiming: Searing Ray (safe; 1% risk of failure)
Press: ? - help, Shift-Dir - straight line, f - slime creature
Aim: a slime creature (haloed, 97% to hit)
The searing ray hits the enormous slime creature!
The enormous slime creature is heavily wounded.
The searing ray hits the slime creature.
The slime creature is lightly wounded. (Press . to maintain the ray.)
The searing ray hits the enormous slime creature.
The enormous slime creature is heavily wounded.
The searing ray hits the slime creature.
The slime creature is lightly wounded.
Two slime creatures merge to form a titanic slime creature.
Unknown command.
The searing ray hits the titanic slime creature.
The titanic slime creature is moderately wounded.
The titanic slime creature misses you.
Casting: Searing Ray (safe; 1% risk of failure)
Confirm with . or Enter, or press ? or * to list all spells.
Restarting spell: Searing Ray (safe; 1% risk of failure)
Press: ? - help, Shift-Dir - straight line, f - titanic slime creature
Aim: a titanic slime creature (moderately wounded, haloed, 97% to hit)
Okay, then.
You feel much better. The titanic slime creature hits you!!!
* * * LOW HITPOINT WARNING * * *
Casting: Searing Ray (safe; 1% risk of failure)
Confirm with . or Enter, or press ? or * to list all spells.
Aiming: Searing Ray (safe; 1% risk of failure)
Press: ? - help, Shift-Dir - straight line, f - titanic slime creature
Aim: a titanic slime creature (moderately wounded, haloed, 97% to hit)
Okay, then.
Casting: Searing Ray (safe; 1% risk of failure)
Confirm with . or Enter, or press ? or * to list all spells.
Okay, then.
You feel yourself speed up. The titanic slime creature misses you.
You hit the titanic slime creature.
The titanic slime creature is moderately wounded.
The titanic slime creature hits you!!!
Ouch! That really hurt!
You die...

#.# #.# #[# #.#.#
.# #.# #.#.# .# #.#
#.#.# .#
####.####.#.# .##
.......##.#.####...
####.#.##.#..... .#
####.#.##.#..####.#
.....# #^......J@.#
###### #..#..######
# #.#..#..# #
#.#..#..# #
#.......#
########J.#.##
......J...#.#
†........:..#
J.######.#..#


You could see a titanic slime creature.

Vanquished Creatures
  Jorgrun (D:13)
  Erolcha (D:10)
  A two-headed ogre (D:8)
  An orc knight (Bailey)
  2 orc sorcerers
  A manticore (D:13)
  An unseen horror (D:11)
  A kobold demonologist (Bailey)
  A komodo dragon (D:9)
  3 trolls
  A hornet (D:9)
  23 yaks
  A wyvern (D:7)
  A basilisk (D:11)
  6 vampire mosquitoes
  A steam dragon (D:9)
  A warg (Orc:1)
  2 water moccasins
  21 orc warriors
  2 ice beasts
  4 black bears
  3 ogres
  10 centaurs
  A phantom (D:6)
  3 kobold brigands
  11 bullfrogs
  3 gnoll sergeants
  4 scorpions
  6 wights
  11 killer bees
  4 electric eels (Bailey)
  3 howler monkeys
  2 jellies
  2 gnoll shamans (D:8)
  10 orc priests
  2 hounds
  2 iguanas
  15 orc wizards
  25 gnolls
  13 adders
  3 ufetubi
  3 worms
  4 dart slugs
  56 orcs
  2 bats
  8 endoplasms
  2 giant cockroaches
  12 goblins
  12 hobgoblins
  5 quokkas
  8 ball pythons
  3 frilled lizards
  23 kobolds
  A rat (D:1)
348 creatures vanquished.

Vanquished Creatures (others)
  An orc (Bailey)
  45 plants
46 creatures vanquished.

Grand Total: 394 creatures vanquished

Notes
Turn   | Place    | Note
-------+----------+-------------------------------------------
     0 | D:1      | xian the Demigod Conjurer began the quest for the Orb.
     0 | D:1      | Reached XP level 1. HP: 14/14 MP: 5/5
   161 | D:1      | Reached skill level 4 in Conjurations
   313 | D:1      | Reached XP level 2. HP: 20/20 MP: 4/7
  1388 | D:2      | Reached XP level 3. HP: 26/26 MP: 1/8
  1975 | D:2      | Reached XP level 4. HP: 33/33 MP: 5/9
  2029 | D:2      | Learned a level 2 spell: Searing Ray
  2636 | D:3      | Reached skill level 5 in Conjurations
  2888 | D:3      | Noticed an ogre
  2905 | D:3      | Killed an ogre
  2906 | D:3      | Reached XP level 5. HP: 16/38 MP: 1/12
  3358 | D:3      | Identified the +5 ring mail "Jauwu" {rN+ Will+ Str+3}
  4024 | D:4      | Reached XP level 6. HP: 46/46 MP: 8/13
  4584 | D:4      | Found Togew's Armour Emporium.
  4778 | D:5      | Entered Level 5 of the Dungeon
  4913 | D:5      | Reached skill level 1 in Armour
  4913 | D:5      | Reached skill level 6 in Conjurations
  4913 | D:5      | Reached XP level 7. HP: 35/51 MP: 3/15
  5031 | D:5      | Reached skill level 1 in Fighting
  5468 | D:5      | Found a large runed translucent door.
  5468 | D:5      | Found a large runed translucent door.
  5471 | D:5      | Noticed DocClef's ghost (weakling GnDe)
  5577 | D:5      | Found Mamaseri's Gadget Gallery.
  5860 | D:6      | Reached XP level 8. HP: 59/59 MP: 4/18
  6107 | D:6      | Reached skill level 5 in Spellcasting
  6459 | D:6      | Reached skill level 7 in Conjurations
  6888 | D:7      | Identified the +1 leather armour of the Six Heavens {rPois
                  | rC+ Int+4}
  7262 | D:7      | Found Serapuo's Weapon Shoppe.
  7379 | D:7      | Reached XP level 9. HP: 64/64 MP: 15/22
  7380 | D:7      | Found a staircase to the Ecumenical Temple.
  7765 | Temple   | Entered the Ecumenical Temple
  8409 | D:8      | Reached skill level 8 in Conjurations
  8892 | D:8      | Noticed a two-headed ogre
  8900 | D:8      | Killed a two-headed ogre
  8901 | D:8      | Reached skill level 1 in Polearms
  8901 | D:8      | Reached skill level 5 in Armour
  9584 | D:8      | Reached XP level 10. HP: 74/74 MP: 17/25
 10154 | D:9      | Learned a level 4 spell: Iskenderun's Mystic Blast
 10159 | D:9      | Learned a level 4 spell: Hailstorm
 10383 | D:9      | Found a staircase to the Lair.
 10760 | D:9      | Reached skill level 9 in Conjurations
 12174 | D:10     | Entered Level 10 of the Dungeon
 12174 | D:10     | Found a flagged portal.
 12191 | Bailey   | Entered a bailey
 12345 | Bailey   | Reached skill level 5 in Dodging
 12637 | Bailey   | Acquired the +0 hat "Masmav" {+Inv}
 12669 | Bailey   | Acquired the ring of Notedian {Int+2 Dex+5 SInv}
 12672 | Bailey   | Acquired the +1 cloak of Zof Laev {Int+3}
 12699 | Bailey   | Noticed an orc knight
 12829 | Bailey   | Reached XP level 11. HP: 76/82 MP: 23/27
 13064 | Bailey   | Noticed a sun demon
 13068 | Bailey   | Noticed a sixfirhy
 13072 | Bailey   | Identified the +1 robe of Satisfaction {rF+ rC+ Regen+}
 13274 | Bailey   | Reached skill level 12 in Conjurations
 13274 | Bailey   | Reached XP level 12. HP: 89/89 MP: 28/28
 13582 | Bailey   | Reached skill level 1 in Hexes
 13582 | Bailey   | Reached skill level 1 in Summonings
 13582 | Bailey   | Reached skill level 1 in Necromancy
 13582 | Bailey   | Reached skill level 1 in Poison Magic
 13838 | D:10     | Reached skill level 1 in Shields
 14798 | D:10     | Found a staircase to the Orcish Mines.
 14871 | Orc:1    | Entered Level 1 of the Orcish Mines
 14871 | Orc:1    | Noticed Erolcha
 14901 | D:10     | Killed Erolcha
 15722 | D:11     | Reached skill level 5 in Shields
 16533 | D:11     | Found a portal to a secret trove of treasure.
 16574 | D:11     | Learned a level 3 spell: Stone Arrow
 16835 | D:12     | Noticed a boulder beetle
 17147 | D:13     | Noticed Jorgrun
 17167 | D:13     | Killed Jorgrun
 17259 | D:13     | Noticed Snorg
 17267 | D:14     | Noticed a seven-headed hydra
 17267 | D:14     | Noticed Urug
 17267 | D:14     | Noticed Rupert
 17267 | D:14     | Noticed Nessos
 17267 | D:14     | Found a gate to the Vaults.
 17331 | D:13     | HP: 1/89 [Snorg (8)]
 17591 | D:13     | Annihilated by a titanic slime creature

Illustrated notes

Levels and vault maps discovered:
D:1:      shiori_arrival_oz, layout_basic
D:2:      layout_loops_cross, corner_web_ring
D:3:      layout_basic, ebering_ecumenical_altar_abandoned
D:4:      layout_loops_cross, serial_shops, kennysheep_mini,
          nicolae_grassy_gnolls
D:5:      layout_cave_pools, ebering_ghost_disaster_area, nicolae_shop_gadgets
D:6:      layout_rooms, st_stairs_3, kennysheep_generic_room_12
D:7:      layout_loops_ring, minmay_temple_entry_ruins, serial_shops,
          nicolae_shop_hallway_plus, hangedman_decor_clover_reticule
D:8:      layout_loops_cross, minmay_between
D:9:      layout_layer_cave, kennysheep_slug_shrine, david_lair_shrubbed
D:10:     layout_loops_ring, hiddenorc1_lemuel, enter_bailey_2
D:11:     layout_basic, enter_trove_3
D:12:     layout_basic, serial_shops, shop
D:13:     layout_loops_ring, gauntlet_entry_generic,
          ploomutoo_gammafunk_ghost_potion_laboratory, uniq_snorg, uniq_jorgrun
D:14:     layout_gridville, david_vaults_3, nicolae_wu_jian_immortal_techniques
Temple:   kilobyte_greek_temple
Orc:1:    layout_diamond_mine, uniq_erolcha

Skill      XL: |  1  2  3  4  5  6  7  8  9 10 11 12 |
---------------+-------------------------------------+-----
Conjurations   | 4 5 6 7 8 9 12 | 12.2
Dodging        | 2 3 4 5 |  5.1
Spellcasting   | 2 3 4 6 7 8 |  8.5
Stealth        | 2 3 4 |  4.1
Armour         | 1 2 4 5 7 |  7.2
Fighting       | 1 2 3 |  3.4
Polearms       | 1 2 |  2.8
Hexes          | 1 |  1.0
Summonings     | 1 |  1.0
Necromancy     | 1 |  1.0
Poison Magic   | 1 |  1.0
Shields        | 7 |  7.9
Short Blades   | |  0.6

Action                   |  1- 3 |  4- 6 |  7- 9 | 10-12 || total
-------------------------+-------+-------+-------+-------++-------
Melee: Short sword       |    17 |       |       |       ||    17
       Unarmed           |     1 |       |       |       ||     1
       Trident           |       |       |    23 |    76 ||    99
 Cast: Magic Dart        |    82 |    94 |    73 |    42 ||   291
       Searing Ray       |       |     9 |    76 |   149 ||   234
       Iskenderun's Myst |       |       |       |     7 ||     7
       Stone Arrow       |       |       |       |     3 ||     3
  Use: Scroll            |     7 |     7 |     9 |    12 ||    35
       Potion            |       |       |     2 |    14 ||    16
Armor: Robe              |     4 |       |       |       ||     4
       Ring mail         |       |    16 |    63 |   257 ||   336
Dodge: Dodged            |    19 |    12 |    76 |   310 ||   417

Table legend: (Time is in decaauts)
 A = Elapsed time spent in this place.
 B = Non-inter-level travel time spent in this place.
 C = Inter-level travel time spent in this place.
 D = Time resting spent in this place.
 E = Time spent auto-exploring this place.
 F = Levels seen in this place.
 G = Mean time per level.
                   A        B        C        D        E       F      G
               +--------+--------+--------+--------+--------+-----+--------+
         Total |  17614 |  17390 |    224 |   2806 |  11126 |  17 | 1036.1 |
       Dungeon |  15469 |  15245 |    224 |   2013 |  10385 |  14 | 1104.9 |
        Temple |    101 |    101 |      0 |      0 |     42 |   1 |  101.0 |
  Orcish Mines |    506 |    506 |      0 |    308 |     77 |   1 |  506.0 |
        Bailey |   1537 |   1537 |      0 |    485 |    622 |   1 | 1537.0 |
               +--------+--------+--------+--------+--------+-----+--------+

Top non-repeatable levels by time:
     D:9: 2234 daAuts
     D:8: 1881 daAuts
  Bailey: 1537 daAuts
    D:10: 1508 daAuts
     D:3: 1482 daAuts
     D:1: 1283 daAuts
     D:6: 1218 daAuts
    D:11: 1118 daAuts
     D:2: 1108 daAuts
     D:5: 1011 daAuts
     D:7: 961 daAuts
     D:4: 903 daAuts
    D:13: 703 daAuts
   Orc:1: 506 daAuts
  Temple: 101 daAuts
